 Dungeon Crawl Stone Soup version 0.30.0-29-ga12c61a403 (webtiles) character file.

Game seed: 13235287721179238947

468 DildoBatman the Magician (level 7, -2/52 HPs)
             Began as a Formicid Conjurer on June 3, 2023.
             Slain by a black bear (4 damage)
             ... on level 5 of the Dungeon.
             The game lasted 00:10:01 (3237 turns).

DildoBatman the Magician (Formicid Conjurer)        Turns: 3237, Time: 00:10:02

Health: -2/52      AC:  2    Str: 17    XL:     7   Next: 30%
Magic:  13/13      EV: 12    Int: 26    God:
Gold:   246        SH:  0    Dex: 12    Spells: 11/14 levels left

rFire   . . .        a - +1 whip (drain)
rCold   . . .        (no shield)
rNeg    . . .        m - +0 robe
rPois   .            (helmet unavailable)
rElec   .            (no cloak)
rCorr   .            (no gloves)
SInv    +            (no boots)
Will    .....        (no amulet)
Stlth   ++           p - +6 ring of strength
HPRegen 0.28/turn    v - +6 ring of intelligence
MPRegen 0.13/turn

%: no passive effects
@: very slightly contaminated
A: permanent stasis, dig shafts and tunnels, antennae 3, four strong arms
a: Dig, Shaft Self


You were on level 5 of the Dungeon.
You visited 1 branch of the dungeon, and saw 5 of its levels.
You also visited: Ossuary.

You collected 246 gold pieces.

Inventory:

Hand Weapons
 a - a +1 whip of draining (weapon)
 b - a +0 sling
Missiles
 o - 21 stones
 x - 3 javelins
 A - 3 boomerangs of dispersal
 B - 2 poisoned darts
Armour
 m - a +0 robe (worn)
Jewellery
 p - a +6 ring of strength (left hand)
 v - a +6 ring of intelligence (right hand)
Scrolls
 d - 2 scrolls of torment {unknown}
 h - a scroll of immolation {unknown}
 n - 4 scrolls of brand weapon
 r - 4 scrolls of poison
 t - 2 scrolls of fear
 w - a scroll of amnesia {unknown}
 y - a scroll of summoning {unknown}
Potions
 c - 3 potions of curing {unknown}
 e - 2 potions of resistance {unknown}
 i - a potion of invisibility {unknown}
 j - a potion of experience {unknown}
 l - 2 potions of attraction {unknown}
 q - 3 potions of flight {unknown}
 s - 3 potions of ambrosia {unknown}
 C - a potion of mutation {unknown}
 D - 2 potions of berserk rage {unknown}
 E - a potion of heal wounds {unknown}


   Skills:
 * Level 3.5 Fighting
 * Level 3.6 Armour
 - Level 3.0 Dodging
 - Level 3.0 Stealth
 * Level 4.2 Spellcasting
 - Level 4.0 Conjurations


You had 11 spell levels left.
You knew the following spells:

 Your Spells              Type           Power      Damage    Failure   Level
a - Searing Ray           Conj           52%        2d6       2%          2
c - Magic Dart            Conj           100%       1d8       1%          1

Your spell library contained the following spells:

 Spells                   Type           Power      Damage    Failure   Level
 Dazzling Flash           Conj/Hex       30%        N/A       11%         3
 Fulminant Prism          Conj/Hex       7%         3d7       36%         4
 Iskenderun's Mystic Bla  Conj/Tloc      15%        2d5       36%         4


Dungeon Overview and Level Annotations

Branches:
Dungeon (5/15)            Ossuary (visited)
 Temple: D:4-7

Altars:
Fedhas
Uskayaw
Vehumet
The Shining One

Annotations:
D:3 Grinder


Innate Abilities, Weirdness & Mutations

You cannot be hasted, slowed, berserked, paralysed or teleported.
You can dig through walls and to a lower floor.
You have a pair of large antennae on your head. (SInv)
Your four strong arms can wield two-handed weapons with a shield.


Message History

(Press . to maintain the ray.)
The black bear barely misses you. The black bear misses you.
The black bear claws you.
The searing ray misses the black bear.
The black bear goes berserk!
The searing ray hits the black bear.
The black bear is severely wounded.
The black bear bites you. The black bear claws you. x2
The searing ray hits the black bear.
The black bear is severely wounded.
You finish channelling your searing ray.
The black bear barely misses you. The black bear claws you.
The black bear completely misses you. The black bear closely misses you. x2
The black bear claws you but does no damage.
Casting: Searing Ray (safe; 2% risk of failure)
Confirm with . or Enter, or press ? or * to list all spells.
Aiming: Searing Ray (safe; 2% risk of failure)
Press: ? - help, Shift-Dir - straight line, f/p - black bear
Aim: a black bear (severely wounded, berserk, 85% to hit)
Okay, then.
Casting: Searing Ray (safe; 2% risk of failure)
Confirm with . or Enter, or press ? or * to list all spells.
Aiming: Searing Ray (safe; 2% risk of failure)
Press: ? - help, Shift-Dir - straight line, f/p - black bear
Aim: a black bear (severely wounded, berserk, 85% to hit)
The searing ray hits the black bear.
The black bear is almost dead. (Press . to maintain the ray.)
The black bear barely misses you. The black bear claws you.
The black bear closely misses you. Magic courses through your body.
The black bear barely misses you. The black bear claws you. x2
The black bear bites you.
You die...

.#####...#### ......
................. .....
).......>........ ....
######..##.##..# ...#
#...##..##.##..###...##
....#...........#.....#
....#...........#.....#
....#...........#h....#
....#...........@.....#
#...##.....###..####+##
##'###.....###..####
#............#.....#
#............#.....#
#............#.....#
#............#.....#
######......########
#......#


You could see a black bear (berserk).

Vanquished Creatures
  An ice beast (D:5)
  2 elf zombies (Ossuary)
  An orc priest (D:4)
  2 iguanas (D:4)
  4 mummies (Ossuary)
  3 adders
  An adder zombie (Ossuary)
  5 dart slugs
  4 orcs
  12 ball pythons
  5 endoplasms
  3 giant cockroaches
  6 hobgoblins
  2 quokkas
  5 bats
  2 frilled lizards (D:1)
  2 gnoll zombies (Ossuary)
  2 goblins
  3 goblin zombies (Ossuary)
  3 hobgoblin zombies (Ossuary)
  4 kobolds
  An orc zombie (Ossuary)
  3 rats
76 creatures vanquished.

Notes
Turn   | Place    | Note
-------+----------+-------------------------------------------
     0 | D:1      | DildoBatman the Formicid Conjurer began the quest for the
                  | Orb.
     0 | D:1      | Reached XP level 1. HP: 13/13 MP: 3/3
   246 | D:1      | Reached XP level 2. HP: 6/20 MP: 0/5
   249 | D:1      | Learned a level 2 spell: Searing Ray
   491 | D:1      | Reached XP level 3. HP: 25/25 MP: 3/6
   529 | D:1      | Reached skill level 1 in Armour
  1202 | D:2      | Reached skill level 1 in Fighting
  1432 | D:3      | Reached XP level 4. HP: 32/32 MP: 5/7
  1453 | D:3      | Noticed Grinder
  2015 | D:4      | Found a sand-covered staircase.
  2068 | D:4      | Found a radiant altar of Vehumet.
  2098 | D:4      | Reached XP level 5. HP: 38/38 MP: 2/9
  2165 | D:4      | Found a hide-covered altar of Uskayaw.
  2211 | D:4      | Found a blossoming altar of Fedhas.
  2235 | D:4      | Found a glowing golden altar of the Shining One.
  2275 | Ossuary  | Entered an ossuary
  2300 | Ossuary  | Reached XP level 6. HP: 40/44 MP: 2/10
  2671 | Ossuary  | Reached XP level 7. HP: 52/52 MP: 6/12
  3076 | D:5      | Entered Level 5 of the Dungeon
  3237 | D:5      | HP: 2/52 [black bear (6)]
  3237 | D:5      | Slain by a black bear

Illustrated notes

Levels and vault maps discovered:
D:1:      dpeg_arrival_ternary, layout_rooms
D:2:      layout_loops_ring, kennysheep_small_spiral
D:3:      minmay_spotlight, layout_loops_ring, uniq_grinder
D:4:      layout_cave_pools, fiery_altar_vehumet, nicolae_uskayaw_dance_hall,
          general_overflow_altar, fedhas_altar_3, nicolae_ossuary_entry_monument
D:5:      layout_gridville, jmf_multi_god_temple, lemuel_flame_loot_1, uniq_ijyb

Skill      XL: |  1  2  3  4  5  6  7 |
---------------+----------------------+-----
Dodging        | 2 3 |  3.0
Armour         | 1 2 3 |  3.6
Fighting       | 1 2 3 |  3.5
Stealth        | 3 |  3.0
Conjurations   | 4 |  4.0
Spellcasting   | 3 4 |  4.2

Action                     |  1- 3 |  4- 6 |  7- 9 || total
---------------------------+-------+-------+-------++-------
  Melee: Unarmed           |    42 |       |       ||    42
         Club              |     4 |       |       ||     4
         Punch             |     1 |       |       ||     1
         Whip              |    26 |    62 |     3 ||    91
   Cast: Magic Dart        |    34 |     8 |     3 ||    45
         Searing Ray       |     3 |    12 |     5 ||    20
    Use: Scroll            |       |     4 |     2 ||     6
         Potion            |       |       |     1 ||     1
   Stab: Sleeping          |     2 |     2 |       ||     4
 Armour: Robe              |    14 |    13 |     3 ||    30
  Dodge: Dodged            |    61 |    53 |    12 ||   126
